Monarchs vs Senators
Created - April 26, 2020 at 19:06
Goals
|
Monarchs |
2 |
0 |
2 |
0 |
2 |
5 |
Senators |
1 |
0 |
3 |
0 |
0 |
4 |
|
Shots
|
Monarchs |
6 |
11 |
14 |
5 |
3 |
36 |
Senators |
7 |
6 |
11 |
1 |
2 |
25 |
|
1st period
1. Monarchs , Tim Schaller 44 (Oliver Bjorkstrand 14) at 2:10
2. Senators , Tomas Jurco 37 (Jan Mursak 41) at 3:54
3. Monarchs , Anthony Mantha 26 (Nathan MacKinnon 37, JT Compher 26) at 8:52 (PP)
Penalties :
Andy Andreoff (BIN) for Hooking (Minor) at 8:42, Craig Smith (MAN) for Holding (Minor) at 10:38
2nd period
No Goal
Penalties :
Grant Besse (BIN) for Hooking (Minor) at 7:11, Jan Mursak (BIN) for Hooking (Minor) at 13:27, Mike Reilly (MAN) for Hooking (Minor) at 19:32
3rd period
4. Senators , Matt Frattin 57 (Nick Foligno 56, Jan Mursak 42) at 3:42 (SH)
5. Senators , Grant Besse 18 (Blake Coleman 7, Andy Andreoff 17) at 7:09
6. Senators , Tomas Jurco 38 (Jan Mursak 43, Matt Frattin 69) at 7:57 (PP)
7. Monarchs , Anthony Mantha 27 (Nathan MacKinnon 38, Griffin Reinhart 40) at 13:34
8. Monarchs , Brendan Lemieux 22 (Craig Smith 36, Chris Campoli 7) at 17:57
Penalties :
Pontus Sjalin (BIN) for Hooking (Minor) at 3:06, Mark Pysyk (MAN) for Tripping (Minor) at 7:18, Jan Mursak (BIN) for Hooking (Minor) at 19:00
Overtime #1
No Goal
Penalties :
No Penalty
Shootout
Monarchs , Anthony Mantha - Stopped by Justin Peters
Senators, Nick Foligno - Stopped by Eric Comrie
Monarchs , Craig Smith - Goal!
Senators, Jan Mursak - Stopped by Eric Comrie
Monarchs , JT Compher - Goal!
Penalties :
No Penalty
Goalie Stats
Andrew Hammond (MAN), 15 saves from 19 shots - (0.789), 47:57 minutes
Eric Comrie (MAN), 6 saves from 6 shots - (1.000), W, 27-19-2, 17:03 minutes
Justin Peters (BIN), 32 saves from 36 shots - (0.889), OTL, 30-22-6, 65:00 minutes
Players Stats for Monarchs
Player Name G A P +/- PIM S H SB GA TA FO MP PP MP PK MP
------------------------------------------------------------------------------------
Aaron Ekblad 0 0 0 0 0 2 1 0 0 1 0/0 22:07 4:12 1:36
Anthony Mantha 2 0 2 1 0 3 2 0 1 0 0/0 20:16 4:08 0:58
Brendan Lemieux 1 0 1 0 0 2 1 1 0 0 1/1 15:09 2:51 0:00
Chris Campoli 0 1 1 1 0 0 0 1 0 1 0/0 18:53 0:00 3:01
Craig Smith 0 1 1 1 2 5 1 0 1 1 0/1 14:10 0:04 0:25
Curtis Lazar 0 0 0 -1 0 0 2 0 0 0 1/2 10:37 0:00 0:20
Griffin Reinhart 0 1 1 0 0 1 1 0 0 0 0/0 17:22 4:30 0:39
Jacob De La Rose 0 0 0 -1 0 0 0 0 0 0 0/0 10:06 0:00 1:00
Jeff Petry 0 0 0 1 0 2 0 0 0 2 0/0 13:18 0:00 1:36
JT Compher 0 1 1 1 0 0 3 0 1 0 1/4 16:21 4:08 0:00
Mark Pysyk 0 0 0 0 2 1 1 2 1 1 0/0 20:03 0:00 2:22
Max Friberg 0 0 0 -1 0 3 0 0 0 0 0/1 12:32 0:04 3:01
Max Reinhart 0 0 0 1 0 5 1 1 1 0 6/17 20:58 2:36 3:17
Mike Reilly 0 0 0 -1 2 1 0 0 0 1 0/0 7:21 0:00 0:00
Morgan Rielly 0 0 0 0 0 0 0 0 0 1 0/0 19:59 2:36 0:00
Nathan MacKinnon 0 2 2 1 0 3 3 1 0 0 10/21 18:49 4:08 0:00
Oliver Bjorkstrand 0 1 1 -1 0 0 2 0 2 0 0/0 16:27 2:54 0:00
Sam Reinhart 0 0 0 -1 0 2 1 0 1 0 7/7 17:54 2:54 0:00
Tim Schaller 1 0 1 0 0 6 1 0 2 1 0/1 15:19 0:07 0:13
Tony DeAngelo 0 0 0 -1 0 0 0 0 0 0 0/0 7:39 0:18 0:00
Players Stats for Senators
Player Name G A P +/- PIM S H SB GA TA FO MP PP MP PK MP
------------------------------------------------------------------------------------
Adam Ollas-Mattsson 0 0 0 1 0 0 1 0 0 1 0/0 25:01 1:53 3:51
Andy Andreoff 0 1 1 0 2 1 3 0 0 0 0/0 10:43 0:00 1:52
Blake Coleman 0 1 1 0 0 0 0 0 0 0 0/0 7:45 0:00 0:00
Brett Bulmer 0 0 0 0 0 0 0 0 0 0 0/0 3:01 0:00 0:00
Chandler Stephenson 0 0 0 0 0 0 0 0 0 0 5/9 15:29 2:08 0:00
Dylan Blujus 0 0 0 0 0 0 2 0 0 2 0/0 32:12 2:44 4:15
Grant Besse 1 0 1 0 2 2 0 0 0 0 0/0 8:32 0:00 0:00
Jack Dougherty 0 0 0 -1 0 2 2 2 1 1 0/0 28:21 2:44 4:15
Jake Evans 0 0 0 -1 0 1 1 0 0 0 1/2 12:04 0:00 0:00
Jan Mursak 0 3 3 0 4 1 5 0 2 2 0/1 20:29 2:08 2:24
Mason Geertsen 0 0 0 0 0 0 3 1 0 3 0/0 25:53 1:53 3:51
Matt Frattin 1 1 2 1 0 7 4 0 0 0 2/2 19:08 2:29 1:07
Maxim Letunov 0 0 0 0 0 0 0 0 0 0 0/0 2:45 0:00 2:26
Michal Repik 0 0 0 -1 0 2 2 0 1 0 0/0 12:04 0:00 0:00
Nick Foligno 0 1 1 0 0 2 0 1 0 1 8/13 23:53 2:29 5:02
Patrick Maroon 0 0 0 0 0 1 1 0 2 0 0/0 14:47 0:00 1:52
Pontus Sjalin 0 0 0 0 2 0 0 2 0 0 0/0 15:41 0:00 0:00
Tomas Jurco 2 0 2 0 0 5 1 0 1 0 0/0 15:15 2:08 0:00
Warren Foegele 0 0 0 0 0 0 0 0 0 0 0/0 0:38 0:00 0:00
Zemgus Girgensons 0 0 0 0 0 1 3 2 2 0 13/28 18:08 2:29 0:29
3 Stars
1 - Anthony Mantha (MAN)
2 - Matt Frattin (BIN)
3 - Tomas Jurco (BIN)
Power Play
Monarchs - 1 on 5 Attempt(s) - 20.00%
Senators - 1 on 3 Attempt(s) - 33.33%
Penalty Kill
Monarchs - 2 on 3 Attempt(s) - 66.67%
- Score 0 goal in Penalty Kill
Senators - 4 on 5 Attempt(s) - 80.00%
- Score 1 goal in Penalty Kill
Team Stat
Monarchs - Hits : 20 - Faceoff Wins : 26 - Blocked Shots : 6 - Penalty Minutes : 6
Senators - Hits : 28 - Faceoff Wins : 29 - Blocked Shots : 8 - Penalty Minutes : 10
Official
Referees : Unknown
Linesman : Unknown
Game Notes
Eric Comrie enters game at 7:57 of 3rd period
Finance
Level 1 -- Attendance: 1981 (99.05%) -- Ticket Income $65,373
Level 2 -- Attendance: 1000 (100.00%) -- Ticket Income $15,000
Total Attendance: 2981 (99.37%)
Total Ticket Income: $80,373
Other Income: $4,019
Total Income: $84,392
Monarchs
5 vs 5 Forward
Center Left Wing Right Wing Time % Phy DF OF
1 Nathan MacKinnon JT Compher Anthony Mantha 30 1 2 2
2 Max Reinhart Brendan Lemieux Craig Smith 30 1 2 2
3 Sam Reinhart Tim Schaller Oliver Bjorkstrand 30 1 2 2
4 Curtis Lazar Jacob De La Rose Max Friberg 10 1 2 2
5 vs 5 Defense
Defense Defense Time % Phy DF OF
1 Aaron Ekblad Chris Campoli 30 1 2 2
2 Morgan Rielly Mark Pysyk 30 1 2 2
3 Jeff Petry Griffin Reinhart 25 1 2 2
4 Mike Reilly Tony DeAngelo 15 1 2 2
PowerPlay Forward
Center Left Wing Right Wing Time % Phy DF OF
1 Nathan MacKinnon JT Compher Anthony Mantha 60 1 2 2
2 Sam Reinhart Brendan Lemieux Oliver Bjorkstrand 40 1 2 2
PowerPlay Defense
Defense Defense Time % Phy DF OF
1 Aaron Ekblad Griffin Reinhart 60 1 2 2
2 Morgan Rielly Max Reinhart 40 1 2 2
Penalty Kill 4 Players Forward
Center Wing Time % Phy DF OF
1 Max Reinhart Max Friberg 60 0 4 1
2 Craig Smith Jacob De La Rose 40 0 4 1
Penalty Kill 4 Players Defense
Defense Defense Time % Phy DF OF
1 Chris Campoli Mark Pysyk 60 1 4 0
2 Jeff Petry Aaron Ekblad 40 1 4 0
Penalty Kill - 3 Players Forward
Forward Time % Phy DF OF
1 Max Reinhart 60 1 3 1
2 Craig Smith 40 1 3 1
Penalty Kill - 3 Players Defense
Defense Defense Time % Phy DF OF
1 Chris Campoli Mark Pysyk 60 1 4 0
2 Jeff Petry Aaron Ekblad 40 1 4 0
4 vs 4 Forward
Center Wing Time % Phy DF OF
1 Nathan MacKinnon Anthony Mantha 60 1 2 2
2 Max Reinhart Sam Reinhart 40 1 2 2
4 vs 4 Defense
Defense Defense Time % Phy DF OF
1 Aaron Ekblad Mark Pysyk 60 1 2 2
2 Chris Campoli Morgan Rielly 40 1 2 2
Last Minutes Offensive
Center Left Wing Right Wing Defense Defense
Nathan MacKinnon Tim Schaller Anthony Mantha Aaron Ekblad Mark Pysyk
Last Minutes Defensive
Center Left Wing Right Wing Defense Defense
Max Reinhart Jacob De La Rose Max Friberg Mark Pysyk Chris Campoli
Goaltenders
Starting : Andrew Hammond
Backup : Eric Comrie
Extra Forwards
Normal : Max Reinhart, Curtis Lazar, Sam Reinhart - PP : Tim Schaller, Craig Smith - PK : Anthony Mantha
Extra Defensemen
Normal : Griffin Reinhart, Aaron Ekblad, Morgan Rielly - PP : Tony DeAngelo - PK : Griffin Reinhart, Tony DeAngelo
Penalty Shots
Anthony Mantha, Craig Smith, JT Compher, Max Reinhart, Max Friberg
Scratches
Artturi Lehkonen (Healthy), Michael McCarron (Healthy), Anthony Peluso (Healthy), Gustav Forsling (Healthy), Chase De Leo (Healthy)
Kaapo Kahkonen (Healthy)
Senators
5 vs 5 Forward
Center Left Wing Right Wing Time % Phy DF OF
1 Zemgus Girgensons Nick Foligno Matt Frattin 40 1 2 2
2 Chandler Stephenson Jan Mursak Tomas Jurco 30 1 2 2
3 Jake Evans Patrick Maroon Michal Repik 20 1 2 2
4 Blake Coleman Andy Andreoff Grant Besse 10 1 2 2
5 vs 5 Defense
Defense Defense Time % Phy DF OF
1 Dylan Blujus Jack Dougherty 40 1 2 2
2 Mason Geertsen Adam Ollas-Mattsson 30 1 2 2
3 Pontus Sjalin Dylan Blujus 20 1 2 2
4 Jack Dougherty Mason Geertsen 10 1 2 2
PowerPlay Forward
Center Left Wing Right Wing Time % Phy DF OF
1 Zemgus Girgensons Nick Foligno Matt Frattin 60 1 2 2
2 Chandler Stephenson Jan Mursak Tomas Jurco 40 1 2 2
PowerPlay Defense
Defense Defense Time % Phy DF OF
1 Dylan Blujus Jack Dougherty 60 1 2 2
2 Mason Geertsen Adam Ollas-Mattsson 40 1 2 2
Penalty Kill 4 Players Forward
Center Wing Time % Phy DF OF
1 Nick Foligno Jan Mursak 60 1 2 2
2 Matt Frattin Patrick Maroon 40 1 2 2
Penalty Kill 4 Players Defense
Defense Defense Time % Phy DF OF
1 Dylan Blujus Jack Dougherty 60 1 2 2
2 Mason Geertsen Adam Ollas-Mattsson 40 1 2 2
Penalty Kill - 3 Players Forward
Forward Time % Phy DF OF
1 Nick Foligno 60 1 2 2
2 Jan Mursak 40 1 2 2
Penalty Kill - 3 Players Defense
Defense Defense Time % Phy DF OF
1 Dylan Blujus Jack Dougherty 60 1 2 2
2 Mason Geertsen Adam Ollas-Mattsson 40 1 2 2
4 vs 4 Forward
Center Wing Time % Phy DF OF
1 Nick Foligno Jan Mursak 60 1 2 2
2 Matt Frattin Patrick Maroon 40 1 2 2
4 vs 4 Defense
Defense Defense Time % Phy DF OF
1 Dylan Blujus Jack Dougherty 60 1 2 2
2 Mason Geertsen Adam Ollas-Mattsson 40 1 2 2
Last Minutes Offensive
Center Left Wing Right Wing Defense Defense
Zemgus Girgensons Nick Foligno Matt Frattin Dylan Blujus Jack Dougherty
Last Minutes Defensive
Center Left Wing Right Wing Defense Defense
Zemgus Girgensons Nick Foligno Matt Frattin Dylan Blujus Jack Dougherty
Goaltenders
Starting : Justin Peters
Backup : Stephon Williams
Extra Forwards
Normal : Brett Bulmer, Warren Foegele, Maxim Letunov - PP : Brett Bulmer, Warren Foegele - PK : Maxim Letunov
Extra Defensemen
Normal : Pontus Sjalin, Adam Ollas-Mattsson, Dylan Blujus - PP : Pontus Sjalin - PK : Adam Ollas-Mattsson, Dylan Blujus
Penalty Shots
Nick Foligno, Jan Mursak, Matt Frattin, Patrick Maroon, Tomas Jurco
Scratches
Scott Harrington (Strained Back Injury), Keegan Lowe (Healthy), Keven Bouchard (Healthy)
% Time on Ice - Monarchs
Lines # - Real PCT - Wanted PCT - Time Play
Normal Forward
1 - 28% - 30% - 13:20
2 - 25% - 30% - 12:18
3 - 28% - 30% - 13:33
4 - 19% - 10% - 9:06
Normal Defense
1 - 31% - 30% - 14:48
2 - 30% - 30% - 14:26
3 - 24% - 25% - 11:42
4 - 15% - 15% - 7:21
PP Forward
1 - 59% - 60% - 4:12
2 - 41% - 40% - 2:54
PP Defense
1 - 63% - 60% - 4:30
2 - 37% - 40% - 2:36
PK Forward
1 - 78% - 60% - 3:37
2 - 22% - 40% - 1:00
PK Defense
1 - 65% - 60% - 3:01
2 - 35% - 40% - 1:36
PK3 Forward
1 - 0% - 60%
2 - 0% - 40%
PK3 Defense
1 - 0% - 60%
2 - 0% - 40%
44 Forward
1 - 77% - 60% - 3:50
2 - 23% - 40% - 1:10
44 Defense
1 - 56% - 60% - 2:47
2 - 44% - 40% - 2:13
Last Minute Offensive - 0:00
Last Minute Defensive - 0:00
Total
Forward - 65:00
Defense - 65:00
|
% Time on Ice - Senators
Lines # - Real PCT - Wanted PCT - Time Play
Normal Forward
1 - 32% - 40% - 15:21
2 - 27% - 30% - 13:07
3 - 25% - 20% - 12:04
4 - 16% - 10% - 7:45
Normal Defense
1 - 35% - 40% - 16:58
2 - 32% - 30% - 15:36
3 - 26% - 20% - 12:23
4 - 7% - 10% - 3:20
PP Forward
1 - 54% - 60% - 2:29
2 - 46% - 40% - 2:08
PP Defense
1 - 59% - 60% - 2:44
2 - 41% - 40% - 1:53
PK Forward
1 - 84% - 60% - 5:59
2 - 16% - 40% - 1:07
PK Defense
1 - 51% - 60% - 3:39
2 - 49% - 40% - 3:27
PK3 Forward
1 - 67% - 60% - 0:40
2 - 33% - 40% - 0:20
PK3 Defense
1 - 60% - 60% - 0:36
2 - 40% - 40% - 0:24
44 Forward
1 - 79% - 60% - 3:09
2 - 21% - 40% - 0:51
44 Defense
1 - 51% - 60% - 2:03
2 - 49% - 40% - 1:57
Last Minute Offensive - 0:00
Last Minute Defensive - 0:00
Total
Forward - 65:00
Defense - 65:00
|
Play-by-Play
1st period
0:01 of 1st period - Zemgus Girgensons wins face-off versus Nathan MacKinnon in neutral zone.
0:46 of 1st period - Jake Evans is hit by Mark Pysyk and loses puck.
1:38 of 1st period - Wrist shot by Tomas Jurco.
1:38 of 1st period - Stopped by Andrew Hammond without a rebound.
1:39 of 1st period - Brendan Lemieux wins face-off versus Zemgus Girgensons in Monarchs zone.
1:46 of 1st period - Snap shot by Craig Smith.
1:46 of 1st period - Shot Misses the Net.
1:48 of 1st period - Slapshot by Tony DeAngelo.
1:48 of 1st period - Shot Blocked by Mason Geertsen.
2:06 of 1st period - Tim Schaller is hit by Mason Geertsen.
2:10 of 1st period - Wrist shot by Tim Schaller.
2:10 of 1st period - Goal by Tim Schaller - Monarchs : 1 - Senators : 0.
2:11 of 1st period - Zemgus Girgensons wins face-off versus Nathan MacKinnon in neutral zone.
2:38 of 1st period - Tim Schaller is hit by Jack Dougherty.
2:47 of 1st period - Snap shot by Tomas Jurco.
2:47 of 1st period - Shot Misses the Net.
2:49 of 1st period - Slapshot by Dylan Blujus.
2:49 of 1st period - Shot Misses the Net.
3:11 of 1st period - Snap shot by Max Reinhart.
3:11 of 1st period - Stopped by Justin Peters with a rebound.
3:54 of 1st period - Snap shot by Tomas Jurco.
3:54 of 1st period - Goal by Tomas Jurco - Monarchs : 1 - Senators : 1.
3:55 of 1st period - Max Reinhart wins face-off versus Zemgus Girgensons in neutral zone.
4:20 of 1st period - Jan Mursak is hit by Griffin Reinhart and loses puck.
5:56 of 1st period - Wrist shot by Patrick Maroon.
5:56 of 1st period - Shot Blocked by Mark Pysyk.
6:46 of 1st period - Snap shot by Patrick Maroon.
6:46 of 1st period - Shot Misses the Net.
7:23 of 1st period - Backhand shot by Tim Schaller.
7:23 of 1st period - Stopped by Justin Peters without a rebound.
7:24 of 1st period - Zemgus Girgensons wins face-off versus Max Reinhart in Senators zone.
7:35 of 1st period - Snap shot by Matt Frattin.
7:35 of 1st period - Shot Misses the Net.
7:51 of 1st period - Snap shot by Max Friberg.
7:51 of 1st period - Stopped by Justin Peters with a rebound.
7:57 of 1st period - Max Friberg is hit by Zemgus Girgensons and loses puck.
8:42 of 1st period - Minor Penalty to Andy Andreoff for Hooking.
8:43 of 1st period - JT Compher wins face-off versus Nick Foligno in Senators zone.
8:50 of 1st period - Wrist shot by Nathan MacKinnon.
8:50 of 1st period - Shot Blocked by Nick Foligno.
8:52 of 1st period - Wrist shot by Anthony Mantha.
8:52 of 1st period - Goal by Anthony Mantha - Monarchs : 2 - Senators : 1.
8:53 of 1st period - Zemgus Girgensons wins face-off versus Nathan MacKinnon in neutral zone.
9:04 of 1st period - Mason Geertsen is hit by JT Compher and loses puck.
9:21 of 1st period - Chris Campoli is hit by Jan Mursak.
9:48 of 1st period - Jacob De La Rose is hit by Andy Andreoff and loses puck.
10:01 of 1st period - Nathan MacKinnon is hit by Matt Frattin and loses puck.
10:36 of 1st period - Snap shot by Matt Frattin.
10:36 of 1st period - Stopped by Andrew Hammond with a rebound.
10:38 of 1st period - Minor Penalty to Craig Smith for Holding.
10:39 of 1st period - Zemgus Girgensons wins face-off versus Max Friberg in Monarchs zone.
10:40 of 1st period - Wrist shot by Nick Foligno.
10:40 of 1st period - Stopped by Andrew Hammond with a rebound.
10:42 of 1st period - Wrist shot by Matt Frattin.
10:42 of 1st period - Stopped by Andrew Hammond with a rebound.
12:33 of 1st period - Anthony Mantha is hit by Jan Mursak and loses puck.
12:38 of 1st period - Penalty to Craig Smith is over, Craig Smith is back on ice.
13:06 of 1st period - Snap shot by Anthony Mantha.
13:06 of 1st period - Stopped by Justin Peters with a rebound.
13:32 of 1st period - Mark Pysyk is hit by Andy Andreoff.
13:46 of 1st period - Matt Frattin is hit by Oliver Bjorkstrand and loses puck.
14:05 of 1st period - Patrick Maroon is hit by JT Compher.
14:20 of 1st period - Jacob De La Rose is hit by Jan Mursak and loses puck.
14:39 of 1st period - Zemgus Girgensons is hit by Nathan MacKinnon.
16:43 of 1st period - Slapshot by Michal Repik.
16:43 of 1st period - Stopped by Andrew Hammond with a rebound.
16:45 of 1st period - Snap shot by Jake Evans.
16:45 of 1st period - Stopped by Andrew Hammond with a rebound.
17:49 of 1st period - Chris Campoli is hit by Jan Mursak and loses puck.
18:45 of 1st period - Slapshot by Nathan MacKinnon.
18:45 of 1st period - Shot Misses the Net.
19:33 of 1st period - Tomas Jurco is hit by Brendan Lemieux and loses puck.
Goals for this period are 2 for Monarchs vs 1 for Senators.
Shots for this period are 6 for Monarchs vs 7 for Senators.
2nd period
0:01 of 2nd period - Matt Frattin wins face-off versus Max Reinhart in neutral zone.
1:14 of 2nd period - Icing by Jeff Petry.
1:15 of 2nd period - Jake Evans wins face-off versus Max Reinhart in Monarchs zone.
2:09 of 2nd period - Tony DeAngelo is hit by Mason Geertsen and loses puck.
2:53 of 2nd period - Wrist shot by Matt Frattin.
2:53 of 2nd period - Shot Misses the Net.
2:55 of 2nd period - Wrist shot by Zemgus Girgensons.
2:55 of 2nd period - Shot Blocked by Brendan Lemieux.
3:11 of 2nd period - Wrist shot by Nathan MacKinnon.
3:11 of 2nd period - Stopped by Justin Peters with a rebound.
3:25 of 2nd period - Chris Campoli is hit by Dylan Blujus and loses puck.
3:30 of 2nd period - Slapshot by Andy Andreoff.
3:30 of 2nd period - Deflect By Grant Besse.
3:30 of 2nd period - Stopped by Andrew Hammond with a rebound.
3:44 of 2nd period - Adam Ollas-Mattsson is hit by Aaron Ekblad and loses puck.
3:53 of 2nd period - Griffin Reinhart is hit by Matt Frattin and loses puck.
4:24 of 2nd period - Wrist shot by Nathan MacKinnon.
4:24 of 2nd period - Stopped by Justin Peters without a rebound.
4:25 of 2nd period - Chandler Stephenson wins face-off versus JT Compher in Senators zone.
4:30 of 2nd period - Chris Campoli is hit by Jack Dougherty and loses puck.
4:35 of 2nd period - Slapshot by Tomas Jurco.
4:35 of 2nd period - Shot Blocked by Nathan MacKinnon.
4:37 of 2nd period - Wrist shot by Tomas Jurco.
4:37 of 2nd period - Stopped by Andrew Hammond without a rebound.
4:38 of 2nd period - Zemgus Girgensons wins face-off versus Max Reinhart in Monarchs zone.
4:49 of 2nd period - Snap shot by Max Reinhart.
4:49 of 2nd period - Stopped by Justin Peters with a rebound.
4:51 of 2nd period - Snap shot by Craig Smith.
4:51 of 2nd period - Stopped by Justin Peters without a rebound.
4:52 of 2nd period - Matt Frattin wins face-off versus Nathan MacKinnon in Senators zone.
5:18 of 2nd period - Brendan Lemieux is hit by Tomas Jurco and loses puck.
6:37 of 2nd period - Brendan Lemieux is hit by Jake Evans and loses puck.
6:58 of 2nd period - Jack Dougherty is hit by Oliver Bjorkstrand and loses puck.
7:11 of 2nd period - Minor Penalty to Grant Besse for Hooking.
7:12 of 2nd period - Nick Foligno wins face-off versus JT Compher in Senators zone.
9:11 of 2nd period - Penalty to Grant Besse is over, Grant Besse is back on ice.
9:54 of 2nd period - Off-side.
9:55 of 2nd period - Zemgus Girgensons wins face-off versus Curtis Lazar in neutral zone.
9:58 of 2nd period - Snap shot by Matt Frattin.
9:58 of 2nd period - Stopped by Andrew Hammond without a rebound.
9:59 of 2nd period - Curtis Lazar wins face-off versus Zemgus Girgensons in Monarchs zone.
10:12 of 2nd period - Slapshot by Anthony Mantha.
10:12 of 2nd period - Deflect By Curtis Lazar.
10:12 of 2nd period - Shot Misses the Net.
10:12 of 2nd period - Puck is out of play.
10:13 of 2nd period - Sam Reinhart wins face-off versus Chandler Stephenson in Senators zone.
10:16 of 2nd period - Wrist shot by Tim Schaller.
10:16 of 2nd period - Stopped by Justin Peters with a rebound.
11:07 of 2nd period - Snap shot by Craig Smith.
11:07 of 2nd period - Shot Misses the Net.
11:09 of 2nd period - Slapshot by Craig Smith.
11:09 of 2nd period - Stopped by Justin Peters with a rebound.
11:11 of 2nd period - Snap shot by Brendan Lemieux.
11:11 of 2nd period - Stopped by Justin Peters without a rebound.
11:12 of 2nd period - Zemgus Girgensons wins face-off versus Nathan MacKinnon in Senators zone.
11:37 of 2nd period - Tomas Jurco is hit by Max Reinhart and loses puck.
12:22 of 2nd period - Slapshot by Jack Dougherty.
12:22 of 2nd period - Deflect By Chris Campoli.
12:22 of 2nd period - Stopped by Andrew Hammond with a rebound.
12:44 of 2nd period - Slapshot by Nathan MacKinnon.
12:44 of 2nd period - Deflect By JT Compher.
12:44 of 2nd period - Shot Misses the Net.
12:44 of 2nd period - Puck is out of play.
12:45 of 2nd period - Max Reinhart wins face-off versus Zemgus Girgensons in Senators zone.
12:48 of 2nd period - Wrist shot by Craig Smith.
12:48 of 2nd period - Shot Misses the Net.
12:50 of 2nd period - Snap shot by Mike Reilly.
12:50 of 2nd period - Shot Blocked by Zemgus Girgensons.
12:52 of 2nd period - Wrist shot by Craig Smith.
12:52 of 2nd period - Shot Misses the Net.
12:54 of 2nd period - Slapshot by Tony DeAngelo.
12:54 of 2nd period - Shot Misses the Net.
13:00 of 2nd period - Slapshot by Craig Smith.
13:00 of 2nd period - Shot Hit the Post.
13:10 of 2nd period - Mason Geertsen is hit by Anthony Mantha and loses puck.
13:27 of 2nd period - Minor Penalty to Jan Mursak for Hooking.
13:28 of 2nd period - Nathan MacKinnon wins face-off versus Nick Foligno in Senators zone.
13:29 of 2nd period - Snap shot by Anthony Mantha.
13:29 of 2nd period - Deflect By JT Compher.
13:29 of 2nd period - Shot Misses the Net.
13:29 of 2nd period - Puck is out of play.
13:30 of 2nd period - Nick Foligno wins face-off versus Nathan MacKinnon in Senators zone.
13:30 of 2nd period - Nick Foligno is hit by Nathan MacKinnon.
13:44 of 2nd period - Wrist shot by Nathan MacKinnon.
13:44 of 2nd period - Shot Misses the Net.
15:27 of 2nd period - Penalty to Jan Mursak is over, Jan Mursak is back on ice.
15:44 of 2nd period - Pontus Sjalin is hit by Curtis Lazar and loses puck.
15:59 of 2nd period - Max Friberg is hit by Zemgus Girgensons and loses puck.
16:14 of 2nd period - Andy Andreoff is hit by Curtis Lazar and loses puck.
16:25 of 2nd period - Wrist shot by Max Friberg.
16:25 of 2nd period - Shot Blocked by Pontus Sjalin.
16:27 of 2nd period - Slapshot by Max Friberg.
16:27 of 2nd period - Stopped by Justin Peters with a rebound.
16:31 of 2nd period - Wrist shot by Max Friberg.
16:31 of 2nd period - Shot Misses the Net.
16:33 of 2nd period - Slapshot by Mike Reilly.
16:33 of 2nd period - Deflect By Andy Andreoff.
16:33 of 2nd period - Stopped by Justin Peters without a rebound.
16:34 of 2nd period - Max Reinhart wins face-off versus Chandler Stephenson in Senators zone.
16:47 of 2nd period - Off-side.
16:48 of 2nd period - Nathan MacKinnon wins face-off versus Zemgus Girgensons in neutral zone.
16:55 of 2nd period - Aaron Ekblad is hit by Zemgus Girgensons and loses puck.
17:04 of 2nd period - Zemgus Girgensons is hit by JT Compher and loses puck.
17:27 of 2nd period - Snap shot by Michal Repik.
17:27 of 2nd period - Stopped by Andrew Hammond with a rebound.
17:29 of 2nd period - Slapshot by Patrick Maroon.
17:29 of 2nd period - Shot Misses the Net.
18:01 of 2nd period - Wrist shot by Anthony Mantha.
18:01 of 2nd period - Shot Blocked by Jack Dougherty.
18:03 of 2nd period - Wrist shot by Aaron Ekblad.
18:03 of 2nd period - Shot Blocked by Jack Dougherty.
18:05 of 2nd period - Wrist shot by Aaron Ekblad.
18:05 of 2nd period - Stopped by Justin Peters without a rebound.
18:06 of 2nd period - Zemgus Girgensons wins face-off versus Max Reinhart in Senators zone.
18:20 of 2nd period - Snap shot by Max Reinhart.
18:20 of 2nd period - Stopped by Justin Peters with a rebound.
18:26 of 2nd period - Mark Pysyk is hit by Dylan Blujus and loses puck.
19:29 of 2nd period - Wrist shot by Andy Andreoff.
19:29 of 2nd period - Deflect By Craig Smith.
19:29 of 2nd period - Stopped by Andrew Hammond without a rebound.
19:30 of 2nd period - Sam Reinhart wins face-off versus Zemgus Girgensons in Monarchs zone.
19:32 of 2nd period - Minor Penalty to Mike Reilly for Hooking.
19:33 of 2nd period - Max Reinhart wins face-off versus Zemgus Girgensons in Monarchs zone.
Goals for this period are 0 for Monarchs vs 0 for Senators.
Shots for this period are 11 for Monarchs vs 6 for Senators.
3rd period
0:01 of 3rd period - Max Reinhart wins face-off versus Zemgus Girgensons in neutral zone.
0:30 of 3rd period - Snap shot by Tomas Jurco.
0:30 of 3rd period - Shot Misses the Net.
0:32 of 3rd period - Snap shot by Tomas Jurco.
0:32 of 3rd period - Shot Misses the Net.
0:34 of 3rd period - Snap shot by Chandler Stephenson.
0:34 of 3rd period - Shot Blocked by Max Reinhart.
0:46 of 3rd period - Slapshot by Chris Campoli.
0:46 of 3rd period - Deflect By Craig Smith.
0:46 of 3rd period - Stopped by Justin Peters without a rebound.
0:47 of 3rd period - Zemgus Girgensons wins face-off versus Craig Smith in Senators zone.
1:32 of 3rd period - Penalty to Mike Reilly is over, Mike Reilly is back on ice.
1:38 of 3rd period - Mark Pysyk is hit by Michal Repik and loses puck.
1:59 of 3rd period - Nathan MacKinnon is hit by Andy Andreoff and loses puck.
2:22 of 3rd period - Brendan Lemieux is hit by Mason Geertsen and loses puck.
3:06 of 3rd period - Minor Penalty to Pontus Sjalin for Hooking.
3:07 of 3rd period - Nick Foligno wins face-off versus Nathan MacKinnon in Senators zone.
3:42 of 3rd period - Snap shot by Matt Frattin.
3:42 of 3rd period - Goal by Matt Frattin - Monarchs : 2 - Senators : 2.
3:43 of 3rd period - Nick Foligno wins face-off versus JT Compher in neutral zone.
3:48 of 3rd period - Snap shot by Nick Foligno.
3:48 of 3rd period - Shot Misses the Net.
3:50 of 3rd period - Snap shot by Nick Foligno.
3:50 of 3rd period - Stopped by Andrew Hammond with a rebound.
3:58 of 3rd period - Backhand shot by Jan Mursak.
3:58 of 3rd period - Shot Misses the Net.
4:19 of 3rd period - Snap shot by Sam Reinhart.
4:19 of 3rd period - Shot Misses the Net.
5:06 of 3rd period - Penalty to Pontus Sjalin is over, Pontus Sjalin is back on ice.
5:25 of 3rd period - Snap shot by Nick Foligno.
5:25 of 3rd period - Shot Misses the Net.
6:21 of 3rd period - Backhand shot by Matt Frattin.
6:21 of 3rd period - Stopped by Andrew Hammond with a rebound.
6:47 of 3rd period - Backhand shot by Craig Smith.
6:47 of 3rd period - Stopped by Justin Peters with a rebound.
7:05 of 3rd period - Slapshot by Andy Andreoff.
7:05 of 3rd period - Shot Misses the Net.
7:07 of 3rd period - Wrist shot by Blake Coleman.
7:07 of 3rd period - Shot Misses the Net.
7:09 of 3rd period - Snap shot by Grant Besse.
7:09 of 3rd period - Goal by Grant Besse - Monarchs : 2 - Senators : 3.
7:10 of 3rd period - Chandler Stephenson wins face-off versus Max Reinhart in neutral zone.
7:13 of 3rd period - Backhand shot by Jack Dougherty.
7:13 of 3rd period - Stopped by Andrew Hammond without a rebound.
7:14 of 3rd period - Chandler Stephenson wins face-off versus Max Reinhart in Monarchs zone.
7:18 of 3rd period - Minor Penalty to Mark Pysyk for Tripping.
7:19 of 3rd period - Zemgus Girgensons wins face-off versus Max Reinhart in Monarchs zone.
7:21 of 3rd period - Snap shot by Nick Foligno.
7:21 of 3rd period - Shot Blocked by Chris Campoli.
7:57 of 3rd period - Slapshot by Tomas Jurco.
7:57 of 3rd period - Goal by Tomas Jurco - Monarchs : 2 - Senators : 4.
7:57 of 3rd period - Eric Comrie enters game.
7:58 of 3rd period - Nathan MacKinnon wins face-off versus Zemgus Girgensons in neutral zone.
8:10 of 3rd period - Wrist shot by JT Compher.
8:10 of 3rd period - Shot Misses the Net.
8:37 of 3rd period - Wrist shot by Tomas Jurco.
8:37 of 3rd period - Shot Misses the Net.
10:28 of 3rd period - Anthony Mantha is hit by Patrick Maroon and loses puck.
11:11 of 3rd period - Backhand shot by Tim Schaller.
11:11 of 3rd period - Shot Misses the Net.
11:41 of 3rd period - Tony DeAngelo is hit by Matt Frattin.
11:51 of 3rd period - Jacob De La Rose is hit by Michal Repik and loses puck.
12:00 of 3rd period - Snap shot by Max Friberg.
12:00 of 3rd period - Stopped by Justin Peters without a rebound.
12:01 of 3rd period - Sam Reinhart wins face-off versus Zemgus Girgensons in Senators zone.
12:10 of 3rd period - Tim Schaller is hit by Matt Frattin and loses puck.
12:15 of 3rd period - Slapshot by Zemgus Girgensons.
12:15 of 3rd period - Stopped by Eric Comrie without a rebound.
12:16 of 3rd period - Chandler Stephenson wins face-off versus Max Reinhart in Monarchs zone.
12:19 of 3rd period - Wrist shot by Jan Mursak.
12:19 of 3rd period - Stopped by Eric Comrie with a rebound.
12:31 of 3rd period - Wrist shot by Craig Smith.
12:31 of 3rd period - Stopped by Justin Peters without a rebound.
12:32 of 3rd period - Nathan MacKinnon wins face-off versus Zemgus Girgensons in Senators zone.
12:33 of 3rd period - Snap shot by JT Compher.
12:33 of 3rd period - Shot Misses the Net.
12:35 of 3rd period - Snap shot by JT Compher.
12:35 of 3rd period - Shot Blocked by Pontus Sjalin.
12:37 of 3rd period - Snap shot by Nathan MacKinnon.
12:37 of 3rd period - Stopped by Justin Peters without a rebound.
12:38 of 3rd period - Nathan MacKinnon wins face-off versus Zemgus Girgensons in Senators zone.
12:39 of 3rd period - Snap shot by Anthony Mantha.
12:39 of 3rd period - Shot Misses the Net.
12:45 of 3rd period - Wrist shot by Anthony Mantha.
12:45 of 3rd period - Shot Misses the Net.
12:49 of 3rd period - Slapshot by Nathan MacKinnon.
12:49 of 3rd period - Shot Misses the Net.
12:51 of 3rd period - Slapshot by Griffin Reinhart.
12:51 of 3rd period - Shot Misses the Net.
12:53 of 3rd period - Slapshot by Jeff Petry.
12:53 of 3rd period - Stopped by Justin Peters without a rebound.
12:54 of 3rd period - Max Reinhart wins face-off versus Chandler Stephenson in Senators zone.
13:28 of 3rd period - Snap shot by Tim Schaller.
13:28 of 3rd period - Deflect By Matt Frattin.
13:28 of 3rd period - Stopped by Justin Peters without a rebound.
13:29 of 3rd period - Nathan MacKinnon wins face-off versus Chandler Stephenson in Senators zone.
13:32 of 3rd period - Wrist shot by Nathan MacKinnon.
13:32 of 3rd period - Shot Misses the Net.
13:34 of 3rd period - Slapshot by Anthony Mantha.
13:34 of 3rd period - Goal by Anthony Mantha - Monarchs : 3 - Senators : 4.
13:35 of 3rd period - Zemgus Girgensons wins face-off versus Max Reinhart in neutral zone.
14:00 of 3rd period - Jan Mursak is hit by Anthony Mantha and loses puck.
14:23 of 3rd period - Slapshot by Jeff Petry.
14:23 of 3rd period - Stopped by Justin Peters without a rebound.
14:24 of 3rd period - Sam Reinhart wins face-off versus Jake Evans in Senators zone.
14:25 of 3rd period - Wrist shot by Tim Schaller.
14:25 of 3rd period - Stopped by Justin Peters with a rebound.
15:13 of 3rd period - Snap shot by Tomas Jurco.
15:13 of 3rd period - Stopped by Eric Comrie with a rebound.
15:19 of 3rd period - Slapshot by Mark Pysyk.
15:19 of 3rd period - Stopped by Justin Peters without a rebound.
15:20 of 3rd period - Sam Reinhart wins face-off versus Zemgus Girgensons in Senators zone.
15:23 of 3rd period - Snap shot by Sam Reinhart.
15:23 of 3rd period - Shot Blocked by Zemgus Girgensons.
15:25 of 3rd period - Snap shot by Aaron Ekblad.
15:25 of 3rd period - Stopped by Justin Peters without a rebound.
15:26 of 3rd period - Sam Reinhart wins face-off versus Zemgus Girgensons in Senators zone.
15:33 of 3rd period - Snap shot by Matt Frattin.
15:33 of 3rd period - Shot Misses the Net.
15:49 of 3rd period - Wrist shot by Matt Frattin.
15:49 of 3rd period - Stopped by Eric Comrie without a rebound.
15:50 of 3rd period - Chandler Stephenson wins face-off versus Nathan MacKinnon in Monarchs zone.
16:21 of 3rd period - Michal Repik is hit by Craig Smith and loses puck.
17:06 of 3rd period - Snap shot by Patrick Maroon.
17:06 of 3rd period - Stopped by Eric Comrie without a rebound.
17:07 of 3rd period - Sam Reinhart wins face-off versus Zemgus Girgensons in Monarchs zone.
17:44 of 3rd period - Anthony Mantha is hit by Jan Mursak and loses puck.
17:57 of 3rd period - Wrist shot by Craig Smith.
17:57 of 3rd period - Deflect By Brendan Lemieux.
17:57 of 3rd period - Goal by Brendan Lemieux - Monarchs : 4 - Senators : 4.
17:58 of 3rd period - Zemgus Girgensons wins face-off versus Tim Schaller in neutral zone.
18:07 of 3rd period - Dylan Blujus is hit by Sam Reinhart and loses puck.
18:37 of 3rd period - Wrist shot by JT Compher.
18:37 of 3rd period - Shot Misses the Net.
19:00 of 3rd period - Minor Penalty to Jan Mursak for Hooking.
19:01 of 3rd period - Nathan MacKinnon wins face-off versus Nick Foligno in Senators zone.
19:01 of 3rd period - Wrist shot by Griffin Reinhart.
19:01 of 3rd period - Deflect By Adam Ollas-Mattsson.
19:01 of 3rd period - Stopped by Justin Peters without a rebound.
19:02 of 3rd period - Nick Foligno wins face-off versus Nathan MacKinnon in Senators zone.
19:17 of 3rd period - Off-side.
19:18 of 3rd period - Nathan MacKinnon wins face-off versus Nick Foligno in neutral zone.
Goals for this period are 2 for Monarchs vs 3 for Senators.
Shots for this period are 14 for Monarchs vs 11 for Senators.
Overtime #1
0:01 of 1st overtime period - Nick Foligno wins face-off versus Nathan MacKinnon in neutral zone.
0:16 of 1st overtime period - Snap shot by Nick Foligno.
0:16 of 1st overtime period - Shot Blocked by Mark Pysyk.
1:00 of 1st overtime period - Penalty to Jan Mursak is over, Jan Mursak is back on ice.
1:14 of 1st overtime period - Mason Geertsen is hit by Tim Schaller and loses puck.
1:19 of 1st overtime period - Wrist shot by Tim Schaller.
1:19 of 1st overtime period - Stopped by Justin Peters without a rebound.
1:20 of 1st overtime period - Nick Foligno wins face-off versus Nathan MacKinnon in Senators zone.
1:55 of 1st overtime period - Slapshot by Max Reinhart.
1:55 of 1st overtime period - Stopped by Justin Peters without a rebound.
1:56 of 1st overtime period - Nick Foligno wins face-off versus Max Reinhart in Senators zone.
2:09 of 1st overtime period - Snap shot by Max Reinhart.
2:09 of 1st overtime period - Stopped by Justin Peters without a rebound.
2:10 of 1st overtime period - Nathan MacKinnon wins face-off versus Nick Foligno in Senators zone.
2:15 of 1st overtime period - Wrist shot by Anthony Mantha.
2:15 of 1st overtime period - Shot Misses the Net.
3:02 of 1st overtime period - Wrist shot by Matt Frattin.
3:02 of 1st overtime period - Stopped by Eric Comrie without a rebound.
3:03 of 1st overtime period - Nathan MacKinnon wins face-off versus Jan Mursak in Monarchs zone.
3:28 of 1st overtime period - Max Reinhart is hit by Adam Ollas-Mattsson.
3:59 of 1st overtime period - Jack Dougherty is hit by Nathan MacKinnon and loses puck.
4:39 of 1st overtime period - Snap shot by Sam Reinhart.
4:39 of 1st overtime period - Stopped by Justin Peters with a rebound.
4:41 of 1st overtime period - Wrist shot by Sam Reinhart.
4:41 of 1st overtime period - Stopped by Justin Peters with a rebound.
Goals for this period are 0 for Monarchs vs 0 for Senators.
Shots for this period are 5 for Monarchs vs 1 for Senators.
ShootOut
5:00 of 1st overtime period - Round #1.
5:00 of 1st overtime period - Monarchs , Anthony Mantha.
5:00 of 1st overtime period - Snap shot by Anthony Mantha.
5:00 of 1st overtime period - Stopped by Justin Peters.
5:00 of 1st overtime period - Senators, Nick Foligno.
5:00 of 1st overtime period - Deke by Nick Foligno.
5:00 of 1st overtime period - Stopped by Eric Comrie.
5:00 of 1st overtime period - Round #2.
5:00 of 1st overtime period - Monarchs , Craig Smith.
5:00 of 1st overtime period - Deke by Craig Smith.
5:00 of 1st overtime period - Goal by Craig Smith.
5:00 of 1st overtime period - Senators, Jan Mursak.
5:00 of 1st overtime period - Wrist shot by Jan Mursak.
5:00 of 1st overtime period - Stopped by Eric Comrie.
5:00 of 1st overtime period - Round #3.
5:00 of 1st overtime period - Monarchs , JT Compher.
5:00 of 1st overtime period - Wrist shot by JT Compher.
5:00 of 1st overtime period - Goal by JT Compher.
Back to the Top